 Dungeon Crawl Stone Soup version 0.21-a0-442-g848f44b (webtiles) character file.

172 tof the Slasher (level 5, -1/42 HPs)
             Began as a Demonspawn Monk on Nov 15, 2017.
             Slain by torrenera's ghost (9 damage)
             ... on level 4 of the Dungeon.
             The game lasted 00:03:26 (3047 turns).

tof the Slasher (Demonspawn Monk)                   Turns: 3047, Time: 00:03:27

Health: -1/42      AC:  8    Str: 16    XL:     5   Next: 27%
Magic:  5/5        EV: 12    Int: 12    God:
Gold:   153        SH:  0    Dex: 16    Spells: 4/4 levels left

rFire    . . .     SeeInvis .   a - +0 falchion
rCold    . . .     Gourm    .   (no shield)
rNeg     . . .     Faith    .   o - +0 ring mail
rPois    .         Spirit   .   (no helmet)
rElec    .         Reflect  .   (no cloak)
rCorr    .         Harm     .   (no gloves)
MR       .....                  (no boots)
Stlth    +.........             (no amulet)
HPRegen  0.14/turn              (no ring)
MPRegen  0.09/turn              (no ring)

@: mighty
A: yellow scales 2, powered by pain 1
a: no special abilities


You were on level 4 of the Dungeon.
You were not hungry.

You visited 1 branch of the dungeon, and saw 4 of its levels.

You collected 153 gold pieces.

Inventory:

Hand Weapons
 a - a +0 falchion (weapon)
Armour
 b - a +0 robe
 o - a +0 ring mail (worn)
Scrolls
 f - a scroll of magic mapping {unknown}
 g - 2 scrolls of remove curse {unknown}
 h - 4 scrolls of identify {unknown}
 i - a scroll of enchant weapon {unknown}
 j - a scroll of random uselessness {unknown}
 k - a scroll of fear {unknown}
 n - a scroll of noise {unknown}
 p - 3 scrolls of immolation {unknown}
 v - 2 scrolls of teleportation {unknown}
Potions
 e - 2 potions of curing {unknown}
 l - 2 potions of agility {unknown}
 m - 2 potions of brilliance {unknown}
 r - a potion of haste {unknown}
 s - a potion of degeneration {unknown}
 u - a potion of heal wounds {unknown}
 w - a potion of lignification {unknown}
 x - a potion of mutation {unknown}
 z - a potion of flight {unknown}
Books
 t - a book of Cantrips

   Spells                             Type                      Level
   a - Confusing Touch                Hexes                        1
   b - Animate Skeleton               Necromancy                   1
   c - Summon Small Mammal            Summoning                    1
   d - Apportation                    Translocation                1
Comestibles
 d - a royal jelly
 q - 4 fruits


   Skills:
 + Level 3.7 Fighting
 * Level 4.0 Long Blades
 + Level 1.9 Armour
 + Level 3.4 Dodging
 - Level 1.7 Stealth


You had 4 spell levels left.
You didn't know any spells.

Dungeon Overview and Level Annotations

Branches:
Dungeon (4/15)
 Temple: D:4-7

Altars:
Fedhas
Hepliaklqana
Makhleb
Qazlal

Annotations:
D:4 torrenera's ghost, amateur DsFi


Innate Abilities, Weirdness & Mutations

You are mostly covered in yellow scales. (AC +3)
You sometimes gain a little power by taking damage.


Message History

Torrenera's ghost hits you but does no damage.
You barely miss torrenera's ghost.
Torrenera's ghost is heavily damaged.
Torrenera's ghost hits you. Torrenera's ghost hits you!
You slash torrenera's ghost!
Torrenera's ghost is heavily damaged.
Torrenera's ghost hits you but does no damage.
You hit torrenera's ghost.
Torrenera's ghost is severely damaged.
Torrenera's ghost hits you!
* * * LOW HITPOINT WARNING * * *
You hit torrenera's ghost.
Torrenera's ghost is almost destroyed.
Torrenera's ghost misses you.
You riposte.
You hit torrenera's ghost but do no damage.
Torrenera's ghost is almost destroyed.
You hit torrenera's ghost but do no damage.
Torrenera's ghost is almost destroyed.
Torrenera's ghost hits you!
You die...

.........## ...#..#
.##...##..#####.......
...... ##..)..........
.#### ##..#........# #
#..###.....##
#.#.........##
#...........#
#...#.........# ...
..#........<..@##....
# ###..........W..#
#.....#......##
#..#........##
#..##.........# ...#
#............ ##.
#............
###########..# #..


You could see torrenera's ghost.

Vanquished Creatures
  Jessica (D:3)
  A gnoll (D:1)
  4 adders
  2 oozes
  A worm (D:4)
  4 dart slugs
  3 leopard geckos
  3 orcs
  4 giant cockroaches
  12 goblins
  12 hobgoblins
  8 kobolds
  A quokka (D:2)
  A ball python (D:2)
  6 bats
  A frilled lizard (D:1)
  8 rats
72 creatures vanquished.

Notes
Turn   | Place    | Note
-------+----------+-------------------------------------------
     0 | D:1      | tof the Demonspawn Monk began the quest for the Orb.
     0 | D:1      | Reached XP level 1. HP: 18/18 MP: 1/1
    89 | D:1      | Reached skill level 3 in Long Blades
    89 | D:1      | Gained mutation: You are partially covered in yellow scales. (AC +2) [demonic ancestry]
    89 | D:1      | Reached XP level 2. HP: 10/24 MP: 2/2
   462 | D:1      | Reached XP level 3. HP: 26/29 MP: 3/3
   645 | D:1      | Reached skill level 1 in Armour
  1226 | D:2      | Gained mutation: You sometimes gain a little power by taking damage. [demonic ancestry]
  1226 | D:2      | Reached XP level 4. HP: 33/35 MP: 4/4
  1945 | D:3      | Noticed Jessica
  1953 | D:3      | Killed Jessica
  2008 | D:3      | Gained mutation: You are mostly covered in yellow scales. (AC +3) [demonic ancestry]
  2008 | D:3      | Reached XP level 5. HP: 42/42 MP: 5/5
  2368 | D:3      | Found a stormy altar of Qazlal.
  2593 | D:3      | Found a hazy altar of Hepliaklqana.
  2603 | D:3      | Found a blossoming altar of Fedhas.
  2613 | D:3      | Found a burning altar of Makhleb.
  2723 | D:4      | Reached skill level 4 in Long Blades
  2750 | D:4      | Noticed torrenera's ghost (amateur DsFi)
  3047 | D:4      | Slain by torrenera's ghost

Vault maps used:
D:1:      mushboom_english_gardens
D:2:      cheibrodos_greedy_goblins
D:3:      nicolae_overflow_quartered_altars, minmay_misc_feat_five,
          roderic_lattice_a, uniq_jessica
D:4:      elyvilon_altar_4, uniq_crazy_yiuf_cottage

Skill      XL: |  1  2  3  4  5 |
---------------+----------------+-----
Long Blades    | 3 4 |  4.0
Dodging        | 3 |  3.4
Armour         | 1 |  1.9
Fighting       | |  3.7
Stealth        | |  1.7

Action                   |  1- 3 |  4- 6 || total
-------------------------+-------+-------++-------
Melee: Falchion          |    99 |   159 ||   258
 Stab: Sleeping          |     5 |     2 ||     7
  Eat: Chunk             |     1 |     3 ||     4
       Bread ration      |       |     1 ||     1
Armor: Robe              |    16 |       ||    16
       Ring mail         |    11 |    72 ||    83
Dodge: Dodged            |    60 |   111 ||   171
       Rpst.: Falchion   |    23 |    35 ||    58

Table legend:
 A = Spawn XP
 B = Non-spawn XP
 C = Spawn XP percentage of total XP
 D = Spawn monster count
 E = Non-spawn monster count
 F = Spawn count percentage of total count
 G = Total turns spent on level
                    A         B        C        D         E        F      G
               +---------+---------+-------+---------+---------+-------+---------
         Total |       0 |     246 |   0.0 |       0 |      72 |   0.0 |  3047
               +---------+---------+-------+---------+---------+-------+---------
           D:1 |       0 |      81 |   0.0 |       0 |      33 |   0.0 |  1085
           D:2 |       0 |      60 |   0.0 |       0 |      27 |   0.0 |   719
           D:3 |       0 |      71 |   0.0 |       0 |       6 |   0.0 |  1107
           D:4 |       0 |      34 |   0.0 |       0 |       6 |   0.0 |   136
               +---------+---------+-------+---------+---------+-------+---------
